| TOP OF THE 1ST |
|
Batavia Muckdogs batting - Pitching for Boise Hawks : RHP Matt Morales
|
|
Pitching: RHP Matt Morales
|
|
|
Batting: SHB Justin Corbett
|
0-0: Called Strike 0-1: Ball 1-1: Ball 2-1: Foul Ball, location: 2F 2-2: SOLO HOME RUN (Flyball, 89XD, EV 101.9 MPH), Distance : 412 ft
|
|
Batting: LHB Danny Treto
|
0-0: Ball 1-0: Foul Ball, location: 2F 1-1: Foul Ball, location: 2F 1-2: Ball 2-2: SINGLE (Groundball, 6MS, EV 67.5 MPH) (infield hit)
|
|
Batting: RHB Reomel Somera
|
0-0: Ball 1-0: Called Strike 1-1: Swinging Strike 1-2: Fly out, F8 (Flyball, 8RS, EV 93.1 MPH)
|
|
Batting: RHB Justin Dunham
|
0-0: Ball 1-0: Ball 2-0: Ball 3-0: Base on Balls Danny Treto to second
|
|
Batting: RHB Andy Kelly
|
0-0: Swinging Strike 0-1: Ball 1-1: Ball 2-1: Ball 3-1: Base on Balls Danny Treto to third Justin Dunham to second
|
|
Batting: RHB George Boivin
|
0-0: Called Strike 0-1: Ground out 6-3 (Groundball, 6S, EV 75.0 MPH) Danny Treto scores Justin Dunham to third Andy Kelly to second
|
|
Batting: RHB Jim Fisher
|
0-0: Ground out 5-3 (Groundball, 56S, EV 78.8 MPH)
|
| Top of the 1st over - 2 runs, 2 hits, 0 errors, 2 left on base; Batavia 2 - Boise 0 |
| BOTTOM OF THE 1ST |
|
Boise Hawks batting - Pitching for Batavia Muckdogs : RHP Carlos Guerrero
|
|
Pitching: RHP Carlos Guerrero
|
|
|
Batting: LHB Jerry Santana
|
0-0: Ball 1-0: Swinging Strike 1-1: Called Strike 1-2: SINGLE (Line Drive, 56D, EV 99.4 MPH)
|
|
Batting: SHB Ken Griffey IV
|
0-0: Ball 1-0: Ball 2-0: Called Strike Balk! Jerry Santana to second 2-1: Called Strike 2-2: Ball 3-2: Foul Ball, location: 2F 3-2: TRIPLE (Line Drive, 78XD, EV 100.0 MPH) Jerry Santana scores
|
|
Batting: LHB Jason Ryan
|
0-0: Foul Ball, location: 2F 0-1: Called Strike 0-2: Ball 1-2: Strikes out swinging
|
|
Batting: SHB Chris Besselman
|
0-0: Called Strike 0-1: Foul Ball, location: 2F 0-2: Strikes out swinging
|
|
Batting: RHB Dan Hoffman
|
0-0: Called Strike 0-1: SINGLE (Line Drive, 8RS, EV 95.6 MPH) Ken Griffey IV scores
|
|
Batting: SHB Brad Madden
|
0-0: Called Strike 0-1: Swinging Strike 0-2: Ball 1-2: Ball 2-2: Foul Ball, location: 2F 2-2: Foul Ball, location: 2F 2-2: Strikes out swinging
|
| Bottom of the 1st over - 2 runs, 3 hits, 0 errors, 1 left on base; Batavia 2 - Boise 2 |
| TOP OF THE 2ND |
|
Batavia Muckdogs batting - Pitching for Boise Hawks : RHP Matt Morales
|
|
Batting: RHB Jeremy Dennis
|
0-0: Ball 1-0: Called Strike 1-1: Ground out 6-3 (Groundball, 6, EV 83.8 MPH)
|
|
Pitching: RHP Aaron O'Brien
|
|
|
Batting: RHB Calvin Morin
|
0-0: Fly out, F4 (Popup, 34, EV 60.0 MPH)
|
|
Batting: SHB Justin Corbett
|
0-0: Ball 1-0: Ball 2-0: Swinging Strike 2-1: Swinging Strike 2-2: SINGLE (Groundball, 6MD, EV 95.0 MPH)
|
|
Batting: LHB Danny Treto
|
0-0: Called Strike 0-1: Ball Justin Corbett steals 2nd base (no throw) 1-1: Called Strike 1-2: Ground out 4-3 (Groundball, 4, EV 86.2 MPH)
|
| Top of the 2nd over - 0 runs, 1 hit, 0 errors, 1 left on base; Batavia 2 - Boise 2 |
| BOTTOM OF THE 2ND |
|
Boise Hawks batting - Pitching for Batavia Muckdogs : RHP Carlos Guerrero
|
|
Batting: RHB Ryan Ward
|
0-0: Ball 1-0: Ground out 5-3 (Groundball, 56, EV 111.2 MPH)
|
|
Batting: RHB Bob Hayes
|
0-0: Ball 1-0: Ball 2-0: Ground out 1-3 (Groundball, 13S, EV 61.2 MPH)
|
|
Batting: RHB Aaron Burnet
|
0-0: Ball 1-0: Ball 2-0: Called Strike 2-1: Foul Ball, location: 2F 2-2: Foul Ball, location: 2F 2-2: Hit by Pitch
|
|
Batting: LHB Jerry Santana
|
0-0: Called Strike 0-1: Fly out, F8 (Flyball, 8LD, EV 88.8 MPH)
|
| Bottom of the 2nd over - 0 runs, 0 hits, 0 errors, 1 left on base; Batavia 2 - Boise 2 |
| TOP OF THE 3RD |
|
Batavia Muckdogs batting - Pitching for Boise Hawks : RHP Aaron O'Brien
|
|
Batting: RHB Reomel Somera
|
0-0: Swinging Strike 0-1: Ball 1-1: Ball 2-1: Ball 3-1: Foul Ball, location: 2F 3-2: Base on Balls
|
|
Batting: RHB Justin Dunham
|
0-0: Swinging Strike 0-1: Ball 1-1: Ball 2-1: Called Strike 2-2: SINGLE (Groundball, 4MD, EV 102.5 MPH) Reomel Somera to second
|
|
Batting: RHB Andy Kelly
|
0-0: Grounds into double play, 6-4-3 (Groundball, 6, EV 88.1 MPH) Reomel Somera to third
|
|
Batting: RHB George Boivin
|
0-0: Called Strike 0-1: Ground out 5-3 (Groundball, 5, EV 87.5 MPH)
|
| Top of the 3rd over - 0 runs, 1 hit, 0 errors, 1 left on base; Batavia 2 - Boise 2 |
| BOTTOM OF THE 3RD |
|
Boise Hawks batting - Pitching for Batavia Muckdogs : RHP Carlos Guerrero
|
|
Batting: SHB Ken Griffey IV
|
0-0: Ball 1-0: Called Strike 1-1: Ground out 6-3 (Groundball, 56, EV 85.6 MPH)
|
|
Batting: LHB Jason Ryan
|
0-0: Ball 1-0: Foul Ball, location: 2F 1-1: Swinging Strike 1-2: Fly out, F7 (Flyball, 7, EV 88.8 MPH)
|
|
Batting: SHB Chris Besselman
|
0-0: Ball 1-0: Foul Ball, location: 2F 1-1: Ball 2-1: Ground out U3 (Groundball, 34S, EV 81.9 MPH)
|
| Bottom of the 3rd over - 0 runs, 0 hits, 0 errors, 0 left on base; Batavia 2 - Boise 2 |
| TOP OF THE 4TH |
|
Batavia Muckdogs batting - Pitching for Boise Hawks : RHP Aaron O'Brien
|
|
Batting: RHB Jim Fisher
|
0-0: Called Strike 0-1: Swinging Strike 0-2: Ball 1-2: Foul Ball, location: 2F 1-2: Ball 2-2: Strikes out swinging
|
|
Batting: RHB Jeremy Dennis
|
0-0: Ball 1-0: Called Strike 1-1: Called Strike 1-2: SINGLE (Groundball, 25, EV 63.8 MPH) (infield hit)
|
|
Pitching: RHP Alex McKinstry
|
|
|
Batting: RHB Calvin Morin
|
0-0: Called Strike 0-1: DOUBLE (Flyball, 8RXD, EV 96.2 MPH) Jeremy Dennis to third Runner from 3rd tries for Home, SAFE, throw by CF to home
|
|
Batting: SHB Justin Corbett
|
0-0: Called Strike 0-1: Ball 1-1: Foul Ball, location: 2F 1-2: Foul Ball, location: 2F 1-2: Strikes out swinging
|
|
Batting: LHB Danny Treto
|
0-0: Foul Ball, location: 2F 0-1: Ground out U3 (Groundball, 3S, EV 86.2 MPH)
|
| Top of the 4th over - 1 run, 2 hits, 0 errors, 1 left on base; Batavia 3 - Boise 2 |
| BOTTOM OF THE 4TH |
|
Boise Hawks batting - Pitching for Batavia Muckdogs : RHP Carlos Guerrero
|
|
Batting: RHB Dan Hoffman
|
0-0: Ball 1-0: Called Strike 1-1: Ball 2-1: Swinging Strike 2-2: Ball 3-2: SOLO HOME RUN (Flyball, 7D, EV 96.9 MPH), Distance : 363 ft
|
|
Batting: SHB Brad Madden
|
0-0: Ball 1-0: Foul Ball, location: 2F 1-1: Ball 2-1: Ball 3-1: Base on Balls
|
|
Batting: RHB Ryan Ward
|
0-0: Ball 1-0: SINGLE (Groundball, 56D, EV 108.1 MPH) Brad Madden to second
|
|
Batting: RHB Bob Hayes
|
0-0: Swinging Strike 0-1: SINGLE (Groundball, 56D, EV 109.4 MPH) Brad Madden to third Ryan Ward to second Runner from 3rd tries for Home, SAFE, throw by LF to home Ryan Ward to third Bob Hayes to second
|
|
Batting: RHB Aaron Burnet
|
0-0: Ball 1-0: Called Strike 1-1: Foul Ball, location: 2F 1-2: Fly out, F8 (Flyball, 8LD, EV 91.2 MPH) Runner from 3rd tags up, SCORES, throw by CF Bob Hayes to third
|
|
Pitching: RHP Adam Brown
|
|
|
Batting: LHB Jerry Santana
|
0-0: Ball 1-0: Foul Ball, location: 2F 1-1: Called Strike 1-2: Strikes out looking
|
|
Batting: SHB Ken Griffey IV
|
0-0: Fly out, F6 (Popup, 6M, EV 68.8 MPH)
|
| Bottom of the 4th over - 3 runs, 3 hits, 0 errors, 1 left on base; Batavia 3 - Boise 5 |
| TOP OF THE 5TH |
|
Batavia Muckdogs batting - Pitching for Boise Hawks : RHP Alex McKinstry
|
|
Batting: RHB Reomel Somera
|
0-0: SOLO HOME RUN (Flyball, 78XD, EV 95.0 MPH), Distance : 386 ft
|
|
Batting: RHB Justin Dunham
|
0-0: Ball 1-0: Ground out 5-3 (Groundball, 56, EV 93.1 MPH)
|
|
Batting: RHB Andy Kelly
|
0-0: Foul Ball, location: 2F 0-1: Ball 1-1: Foul Ball, location: 2F 1-2: Strikes out swinging
|
|
Batting: RHB George Boivin
|
0-0: Foul Ball, location: 2F 0-1: Foul Ball, location: 2F 0-2: Ball 1-2: Ball 2-2: Fly out, F3 (Line Drive, 3L, EV 61.2 MPH)
|
| Top of the 5th over - 1 run, 1 hit, 0 errors, 0 left on base; Batavia 4 - Boise 5 |
| BOTTOM OF THE 5TH |
|
Boise Hawks batting - Pitching for Batavia Muckdogs : RHP Adam Brown
|
|
Batting: LHB Jason Ryan
|
0-0: Ball 1-0: Ball 2-0: Called Strike 2-1: Swinging Strike 2-2: Ball 3-2: Foul Ball, location: 2F 3-2: Foul Ball, location: 2F 3-2: Foul Ball, location: 2F 3-2: Strikes out swinging
|
|
Batting: SHB Chris Besselman
|
0-0: Ball 1-0: SINGLE (Flyball, 89S, EV 92.5 MPH) - OUT at second base trying to stretch hit.
|
|
Batting: RHB Dan Hoffman
|
0-0: Foul Ball, location: 2F 0-1: Swinging Strike 0-2: Foul Ball, location: 2F 0-2: Ground out 6-3 (Groundball, 6, EV 98.8 MPH)
|
| Bottom of the 5th over - 0 runs, 1 hit, 0 errors, 0 left on base; Batavia 4 - Boise 5 |
| TOP OF THE 6TH |
|
Batavia Muckdogs batting - Pitching for Boise Hawks : RHP Alex McKinstry
|
|
Batting: RHB Jim Fisher
|
0-0: Ball 1-0: Ball 2-0: Foul Ball, location: 2F 2-1: Called Strike 2-2: Ground out 4-3 (Groundball, 4, EV 105.0 MPH)
|
|
Batting: RHB Jeremy Dennis
|
0-0: Swinging Strike 0-1: Ball 1-1: Foul Ball, location: 2F 1-2: Ground out 6-3 (Groundball, 6M, EV 88.8 MPH)
|
|
Batting: RHB Calvin Morin
|
0-0: Called Strike 0-1: Foul Ball, location: 2F 0-2: Ball 1-2: Ground out 3-1 (Groundball, 34S, EV 93.8 MPH)
|
| Top of the 6th over - 0 runs, 0 hits, 0 errors, 0 left on base; Batavia 4 - Boise 5 |
| BOTTOM OF THE 6TH |
|
Boise Hawks batting - Pitching for Batavia Muckdogs : RHP Adam Brown
|
|
Batting: SHB Brad Madden
|
0-0: Foul Ball, location: 2F 0-1: Ground out 6-3 (Groundball, 6, EV 88.8 MPH)
|
|
Batting: RHB Ryan Ward
|
0-0: Foul Ball, location: 2F 0-1: Foul Ball, location: 2F 0-2: Foul Ball, location: 2F 0-2: Strikes out swinging, 2-3 out at first.
|
|
Batting: RHB Bob Hayes
|
0-0: Called Strike 0-1: Reached on error, E3 (Groundball, 34S, EV 87.5 MPH)
|
|
Batting: RHB Aaron Burnet
|
0-0: Called Strike 0-1: Ball 1-1: Foul Ball, location: 2F 1-2: Foul Ball, location: 2F 1-2: Ball 2-2: Strikes out swinging
|
| Bottom of the 6th over - 0 runs, 0 hits, 1 error, 1 left on base; Batavia 4 - Boise 5 |
| TOP OF THE 7TH |
|
Batavia Muckdogs batting - Pitching for Boise Hawks : RHP Alex McKinstry
|
|
Batting: SHB Justin Corbett
|
0-0: Called Strike 0-1: Swinging Strike 0-2: Ground out 1-3 (Groundball, 15, EV 63.8 MPH)
|
|
Batting: LHB Danny Treto
|
0-0: Called Strike 0-1: Ball 1-1: Swinging Strike 1-2: Ball 2-2: Fly out, F5 (Popup, 25F, EV 83.8 MPH)
|
|
Batting: RHB Reomel Somera
|
0-0: Fly out, F9 (Flyball, 9D, EV 98.1 MPH)
|
| Top of the 7th over - 0 runs, 0 hits, 0 errors, 0 left on base; Batavia 4 - Boise 5 |
| BOTTOM OF THE 7TH |
|
Boise Hawks batting - Pitching for Batavia Muckdogs : RHP Adam Brown
|
|
Batting: LHB Jerry Santana
|
0-0: Ball 1-0: Foul Ball, location: 2F 1-1: Called Strike 1-2: Strikes out swinging
|
|
Batting: SHB Ken Griffey IV
|
0-0: Ball 1-0: Ground out 3-1 (Groundball, 34S, EV 66.9 MPH)
|
|
Batting: LHB Jason Ryan
|
0-0: Fly out, F7 (Flyball, 7, EV 84.4 MPH)
|
| Bottom of the 7th over - 0 runs, 0 hits, 0 errors, 0 left on base; Batavia 4 - Boise 5 |
| TOP OF THE 8TH |
|
Batavia Muckdogs batting - Pitching for Boise Hawks : RHP Alex McKinstry
|
|
Pitching: RHP Jonathan Alldritt
|
|
|
Batting: RHB Justin Dunham
|
0-0: SINGLE (Flyball, 89S, EV 87.5 MPH)
|
|
Batting: RHB Andy Kelly
|
0-0: Ball 1-0: Swinging Strike 1-1: Foul Ball, location: 2F 1-2: Ball 2-2: Strikes out swinging
|
|
Batting: RHB George Boivin
|
0-0: Ball 1-0: Fielders Choice at 2nd, 6-4 (Groundball, 6, EV 88.8 MPH)
|
|
Batting: RHB Jim Fisher
|
0-0: Ball 1-0: Foul Ball, location: 2F 1-1: Foul Ball, location: 2F 1-2: Strikes out swinging
|
| Top of the 8th over - 0 runs, 1 hit, 0 errors, 1 left on base; Batavia 4 - Boise 5 |
| BOTTOM OF THE 8TH |
|
Boise Hawks batting - Pitching for Batavia Muckdogs : RHP Adam Brown
|
|
Batting: SHB Chris Besselman
|
0-0: Ball 1-0: Swinging Strike 1-1: Ground out 4-3 (Groundball, 34D, EV 104.4 MPH)
|
|
Batting: RHB Dan Hoffman
|
0-0: Ball 1-0: Ball 2-0: Foul Ball, location: 2F 2-1: Ground out 5-3 (Groundball, 56, EV 89.4 MPH)
|
|
Batting: SHB Brad Madden
|
0-0: Called Strike 0-1: Ground out U3 (Groundball, 34S, EV 89.4 MPH)
|
| Bottom of the 8th over - 0 runs, 0 hits, 0 errors, 0 left on base; Batavia 4 - Boise 5 |
| TOP OF THE 9TH |
|
Batavia Muckdogs batting - Pitching for Boise Hawks : RHP Jonathan Alldritt
|
|
Pitching: RHP Ryan Squire
|
|
|
Now at 1B: Brad Madden
|
|
|
Now at 2B: Carlos de Jesus
|
|
|
Batting: RHB Jeremy Dennis
|
0-0: Ball 1-0: Ball 2-0: Called Strike 2-1: Ball 3-1: Base on Balls
|
|
Batting: RHB Calvin Morin
|
0-0: Fielders Choice at 2nd, 4-6 (Groundball, 34, EV 86.9 MPH)
|
|
Batting: SHB Justin Corbett
|
0-0: Ball 1-0: Swinging Strike 1-1: Ball 2-1: Foul Ball, location: 2F 2-2: Strikes out swinging
|
|
Batting: LHB Danny Treto
|
0-0: Called Strike 0-1: Ball 1-1: Ground out 4-3 (Groundball, 34, EV 80.0 MPH)
|
| Top of the 9th over - 0 runs, 0 hits, 0 errors, 1 left on base; Batavia 4 - Boise 5 |
|